 Dungeon Crawl Stone Soup version 0.30.0-15-g856e2d3f33 (webtiles) character file.

Game seed: 10009132434507130935

81 ProzacElf the Charlatan (level 4, -2/32 HPs)
             Began as a Demonspawn Wanderer on May 19, 2023.
             Slain by a steam dragon (4 damage)
             ... on level 3 of the Dungeon.
             The game lasted 00:04:17 (1889 turns).

ProzacElf the Charlatan (Demonspawn Wanderer)       Turns: 1889, Time: 00:04:17

Health: -2/32      AC:  6    Str: 13    XL:     4   Next: 20%
Magic:  5/5        EV: 11    Int: 13    God:
Gold:   87         SH:  0    Dex: 18    Spells: 3/5 levels left

rFire   . . .        b - +2 dagger (venom)
rCold   . . .        (no shield)
rNeg    . . .        z - +0 leather armour
rPois   .            (no helmet)
rElec   .            n - +0 cloak
rCorr   .            t - +0 pair of gloves
SInv    .            c - +0 pair of boots
Will    .....        x - amulet of the acrobat
Stlth   ++++         (no ring)
HPRegen 0.25/turn    (no ring)
MPRegen 0.09/turn

%: acrobat
@: mighty
A: thin skeletal structure 2
a: no special abilities


You were on level 3 of the Dungeon.
You visited 1 branch of the dungeon, and saw 3 of its levels.

You collected 87 gold pieces.

Inventory:

Hand Weapons
 a - a +0 flail
 b - a +2 dagger of venom (weapon)
 s - a +0 mace
 y - a +0 war axe
Missiles
 v - 2 throwing nets
Armour
 c - a +0 pair of boots (worn)
 e - a +0 robe
 m - a +0 ring mail
 n - a +0 cloak (worn)
 t - a +0 pair of gloves (worn)
 z - a +0 leather armour (worn)
Jewellery
 k - a ring of ice
 x - an amulet of the acrobat (around neck)
Wands
 f - a wand of mindburst (17) (quivered)
Scrolls
 g - a scroll of noise {unknown}
 h - a scroll of blinking {unknown}
 i - a scroll of silence {unknown}
 l - 5 scrolls of identify {unknown}
 q - a scroll of fear {unknown}
 r - a scroll of teleportation {unknown}
 u - 3 scrolls of vulnerability {unknown}
 w - a scroll of amnesia {unknown}
Potions
 j - a potion of mutation {unknown}
 o - a potion of lignification {unknown}
 p - a potion of might


   Skills:
 - Level 1.0 Fighting
 + Level 2.7 Maces & Flails
 - Level 1.0 Armour
 - Level 1.0 Dodging
 + Level 2.6 Stealth
 - Level 1.0 Spellcasting
 - Level 5.0 Evocations


You had 3 spell levels left.
You knew the following spells:

 Your Spells              Type           Power      Damage    Failure   Level
a - Poisonous Vapours     Pois/Air       0%         N/A       47%         2

Your spell library contained the following spells:

 Spells                   Type           Power      Damage    Failure   Level
 Scorch                   Fire           0%         2d5       47%         2
 Mephitic Cloud           Conj/Pois/Air  0%         N/A       71%         3
 Flame Wave               Conj/Fire      0%         2d4       98%         4
 Freezing Cloud           Conj/Ice/Air   0%         6-21      100%        5
 Summon Cactus Giant      Summ           0%         N/A       100%        6


Dungeon Overview and Level Annotations

Branches:
Dungeon (3/15)

Altars:

Annotations:
D:2 dig for loot


Innate Abilities, Weirdness & Mutations

You have a moderately thin skeletal structure. (Dex +4, Stealth++)


Message History

Ye hit tha steam dragon.
Tha steam dragon be moderately wounded.
Tha hobgoblin hits ye.
Tha steam dragon bites ye but does nay damage.
Tha steam dragon barely misses ye.
An orc comes inta view.
It be wieldin' a +0 mace.
Ye take 4 damage, an' haf 20/32 hp.
Tha orc shouts!
Ye hit tha steam dragon.
Tha steam dragon be moderately wounded.
Tha steam dragon bites ye.
Tha steam dragon claws ye but does nay damage.
Tha hobgoblin closely misses ye.
Ye take 3 damage, an' haf 17/32 hp.
Ye hit tha steam dragon.
Tha steam dragon be poison'd.
Tha steam dragon be moderately wounded.
Tha hobgoblin barely misses ye.
Tha steam dragon bites ye.
Tha steam dragon barely misses ye.
Ye take 6 damage, an' haf 11/32 hp.
Ye be too injured ta fight recklessly!
A giant cockroach comes inta view.
Tha orc wizard points at ye an' mumbles some strange words.
Tha puff o' flame hits ye!
* * * LOW HITPOINT WARNIN'
* * * Ye take 8 damage, an' haf 3/32 hp.
MASSIVE DAMAGE!!
Tha steam dragon attacks as ye move away!
Tha steam dragon bites ye but does nay damage.
Tha steam dragon completely misses ye.
Okay, than.
Sorry, yer na good enough ta haf a special ability.
It was a potion o' might.
Ye feel very mighty all o' a sudd'n.
Tha hobgoblin misses ye.
Tha steam dragon barely misses ye.
Tha steam dragon misses ye.
As ye read tha scroll o' summonin', it crumbles ta dust.
Wisps o' shadow whirl around ye...
Tha orc wizard hits ye wit' a +0 dagger.
* * * LOW HITPOINT WARNIN'
* * * Tha steam dragon bites ye.
Ye die...

########## #........#
#........# #........#
#........######
#....g...o....B
#.....gDo######
#......@o#
#..†.....########
###..b..w#..........
##........[.......
#.................
#...............#
#...............#
#...............#####
#...................#


You could see a steam dragon (poisoned), an orc wizard (ally target), 2 orcs, a
hobgoblin (ally target), a friendly worm (summoned), a friendly hobgoblin
(summoned) and a friendly bat (summoned, wandering).

Vanquished Creatures
  3 gnolls (D:2)
  A dart slug (D:1)
  3 ball pythons
  7 bats
  7 endoplasms
  3 giant cockroaches
  7 goblins
  3 hobgoblins
  2 jackals (D:2)
  2 kobolds (D:1)
  2 quokkas
  A rat (D:2)
41 creatures vanquished.

Notes
Turn   | Place    | Note
-------+----------+-------------------------------------------
     0 | D:1      | ProzacElf the Demonspawn Wanderer began the quest for the
                  | Orb.
     0 | D:1      | ProzacElf set off with the following items: a +0 mace, a
                  | wand of mindburst (17), a +0 pair of boots, a scroll of
                  | summoning, a +0 robe.
     0 | D:1      | Reached XP level 1. HP: 15/15 MP: 2/2
   183 | D:1      | Reached skill level 1 in Stealth
   203 | D:1      | Found a faded altar of an unknown god.
   286 | D:1      | Gained mutation: You have a somewhat thin skeletal
                  | structure. (Dex +2, Stealth+) [demonic ancestry]
   286 | D:1      | Reached XP level 2. HP: 20/21 MP: 3/3
   710 | D:1      | Learned a level 2 spell: Poisonous Vapours
  1078 | D:2      | Reached XP level 3. HP: 16/26 MP: 4/4
  1639 | D:2      | Gained mutation: You have a moderately thin skeletal
                  | structure. (Dex +4, Stealth++) [demonic ancestry]
  1639 | D:2      | Reached XP level 4. HP: 32/32 MP: 5/5
  1873 | D:3      | Noticed a steam dragon
  1889 | D:3      | Slain by a steam dragon

Illustrated notes

Levels and vault maps discovered:
D:1:      grunt_arrival_crossed_arrows, layout_loops_corners,
          shapermc_ecumenical_altar_acropolis
D:2:      layout_loops_ring, amethyst_killhole, due_unseen_surprise
D:3:      minmay_skewed_foursquare, layout_rooms

Skill      XL: |  1  2  3 |
---------------+----------+-----
Stealth        | 1 2 |  2.6
Maces & Flails | 2 |  2.7
Fighting       | |  1.0
Armour         | |  1.0
Dodging        | |  1.0
Spellcasting   | |  1.0
Evocations     | |  5.0

Action                     |  1- 3 |  4- 6 || total
---------------------------+-------+-------++-------
  Melee: War axe           |    51 |       ||    51
         Dagger            |    36 |    11 ||    47
    Use: Scroll            |       |     1 ||     1
         Potion            |       |     1 ||     1
   Stab: Sleeping          |    12 |     4 ||    16
 Armour: Robe              |    27 |     2 ||    29
         Leather armour    |       |     4 ||     4
  Dodge: Dodged            |    58 |    17 ||    75

Action                     |  1- 3 |  4- 6 || total
---------------------------+-------+-------++-------
  Melee: War axe           |    51 |       ||    51
         Dagger            |    36 |    11 ||    47
    Use: Scroll            |       |     1 ||     1
         Potion            |       |     1 ||     1
   Stab: Sleeping          |    12 |     4 ||    16
 Armour: Robe              |    27 |     2 ||    29
         Leather armour    |       |     4 ||     4
  Dodge: Dodged            |    58 |    17 ||    75

Levels and vault maps discovered:
D:1:      grunt_arrival_crossed_arrows, layout_loops_corners,
          shapermc_ecumenical_altar_acropolis
D:2:      layout_loops_ring, amethyst_killhole, due_unseen_surprise
D:3:      minmay_skewed_foursquare, layout_rooms
